 Dungeon Crawl Stone Soup version 0.27-a0-1065-ge809cff456 (console) character file.

Game seed: 8001949692236984847

14 nht the Poker (level 2, 22/22 HPs)
             Began as a Merfolk Warper on Apr 24, 2021.
             Was a Follower of Sif Muna.
             Quit the game on level 1 of the Dungeon.
             The game lasted 00:01:14 (431 turns).

nht the Poker (Merfolk Warper)                       Turns: 431, Time: 00:01:14

Health: 22/22      AC:  3    Str: 11    XL:     2   Next: 45%
Magic:  5/5        EV: 12    Int: 12    God:    Sif Muna [*.....]
Gold:   28         SH:  0    Dex: 13    Spells: 5/5 levels left

rFire    . . .     SeeInvis .   a - +0 spear
rCold    . . .     Faith    .   (no shield)
rNeg     . . .     Spirit   .   b - +0 leather armour
rPois    .         Reflect  .   (no helmet)
rElec    .         Harm     .   (no cloak)
rCorr    .         Rampage  .   (no gloves)
Will     .....                  (no boots)
Stlth    +.........             (no amulet)
HPRegen  0.07/turn              (no ring)
MPRegen  0.09/turn              (no ring)

@: no status effects
A: (nimble swimmer 2), mertail
a: Renounce Religion, Channel Magic


You were on level 1 of the Dungeon.
You worshipped Sif Muna.
Sif Muna was aware of your devotion.
You visited 1 branch of the dungeon, and saw 1 of its levels.

You collected 28 gold pieces.

Inventory:

Hand Weapons
 a - a +0 spear (weapon)
 h - a +0 short sword
Missiles
 e - 5 boomerangs of dispersal (quivered)
Armour
 b - a +0 leather armour (worn)
Scrolls
 c - a scroll of identify {unknown}
 d - 2 scrolls of blinking
Potions
 f - a potion of haste {unknown}
 g - a potion of heal wounds {unknown}
 i - a potion of lignification {unknown}


   Skills:
 - Level 2.1 Fighting
 + Level 4.5 Polearms
 - Level 1.0 Throwing
 - Level 0.6 Armour
 - Level 2.6 Dodging
 - Level 2.0 Spellcasting
 - Level 2.4 Translocations


You had 5 spell levels left.
You didn't know any spells.
Your spell library contained the following spells:

 Spells                   Type           Power      Damage    Failure   Level
 Blink                    Tloc           N/A        N/A       21%         2
 Gell's Gravitas          Tloc           3%         N/A       38%         3
 Lesser Beckoning         Tloc           3%         N/A       38%         3
 Teleport Other           Tloc           6%         N/A       38%         3
 Manifold Assault         Tloc           6%         N/A       98%         5


Dungeon Overview and Level Annotations

Branches:
Dungeon (1/15)

Altars:
Sif Muna


Innate Abilities, Weirdness & Mutations

((You are quick and stealthy near water. (Stealth+, EV+, Speed+++)))
Your lower body shifts to a powerful aquatic tail in water.


Message History

You hit the dart slug.
You kill the dart slug!
A bat comes into view.
You miss the bat. The bat closely misses you. The bat barely misses you.
You closely miss the bat. The bat hits you. The bat barely misses you.
You miss the bat. The bat completely misses you.
You barely miss the bat. The bat hits you but does no damage. x2
You barely miss the bat. The bat misses you.
The bat hits you but does no damage.
You miss the bat. The bat barely misses you.
You closely miss the bat. The bat hits you but does no damage.
You reach to attack!
You closely miss the bat. The bat hits you but does no damage.
You reach to attack!
You hit the bat.
You kill the bat!
There is a stone staircase leading down here.
There is a stone staircase leading down here.
A rat comes into view.
You reach to attack!
You hit the rat but do no damage. You hit the rat but do no damage.
The rat bites you but does no damage.
You hit the rat.
You kill the rat!
Found 19 stones.
A rat comes into view.
Found 6 gold pieces.
You reach to attack!
You hit the rat.
You kill the rat!
i - a fuming clear potion You now have 22 gold pieces (gained 10).
Found a faded altar of an unknown god.
You now have 28 gold pieces (gained 6).
You hit the plant.
The plant begins to die.
The plant is lightly damaged.
A nearby plant withers and dies.
There is a faded altar of an unknown god here.
You cannot tell which god this altar belongs to.
Convert to them anyway?
Sif Muna accepts your prayer! Sif Muna welcomes you!
You can now call upon Sif Muna for magical energy.
Are you sure you want to abandon this character and quit the game? (Confirm with "yes".)

█.██P..██...█
█ █
█.......█..█
███.PP..PP█..█
█.█.P..PP.█..█
█P......PP███
█..PPP...P█
█.P..PP.PP█
█.P...PP..█


█████@█████ █P....P...█ █P.P......█ █...P..P..█ █..P.P....█ █.█PP.....█..
███P.....P█..█ █...P..P█ ██ There were no monsters in sight!

Vanquished Creatures
  A dart slug (D:1)
  2 bats (D:1)
  An endoplasm (D:1)
  A goblin (D:1)
  A kobold (D:1)
  A quokka (D:1)
  A ball python (D:1)
  A frilled lizard (D:1)
  3 rats (D:1)
12 creatures vanquished.

Vanquished Creatures (others)
  A plant (D:1)
1 creature vanquished.

Grand Total: 13 creatures vanquished

Notes
Turn   | Place    | Note
-------+----------+-------------------------------------------
     0 | D:1      | nht the Merfolk Warper began the quest for the Orb.
     0 | D:1      | Reached XP level 1. HP: 16/16 MP: 3/3
   198 | D:1      | Reached skill level 4 in Polearms
   198 | D:1      | Reached XP level 2. HP: 19/22 MP: 5/5
   409 | D:1      | Found a faded altar of an unknown god.
   430 | D:1      | Became a worshipper of Sif Muna the Loreminder
   430 | D:1      | Reached * piety under Sif Muna
   431 | D:1      | Quit the game

Illustrated notes

Levels and vault maps discovered:
D:1:      saegor_arrival_simple_e, layout_basic, shapermc_ecumenical_altar_gd,
          minmay_split_cup_small

Skill      XL: |  1 |
---------------+----+-----
Polearms       | 4 |  4.5
Fighting       | |  2.1
Throwing       | |  1.0
Armour         | |  0.6
Dodging        | |  2.6
Spellcasting   | |  2.0
Translocations | |  2.4

Action                   || total
-------------------------++-------
Melee: Spear             ||    41
Armor: Leather armour    ||     6
Dodge: Dodged            ||    14

Table legend: (Time is in decaauts)
 A = Elapsed time spent in this place.
 B = Non-inter-level travel time spent in this place.
 C = Inter-level travel time spent in this place.
 D = Time resting spent in this place.
 E = Time spent auto-exploring this place.
 F = Levels seen in this place.
 G = Mean time per level.
                   A        B        C        D        E       F      G
               +--------+--------+--------+--------+--------+-----+--------+
         Total |    427 |    427 |      0 |      0 |    336 |   1 |  427.0 |
       Dungeon |    427 |    427 |      0 |      0 |    336 |   1 |  427.0 |
               +--------+--------+--------+--------+--------+-----+--------+

Top non-repeatable levels by time:
     D:1: 427 daAuts
